AoeStats
← niels.degraaf

Scandinavia

510765686Analyzed
1v1 RM · 23h ago on Oct 2, 2026· 44m 19s· 2 players
Game mode
Random Map
Map size
Tiny (2 player)
Population
200
Speed
Normal
Resources
Standard
Victory
Conquest
Starting age
Dark Age
Ending age
Imperial Age
RankedLock teamsTeams togetherTeam positionsShared explorationLock speedFull tech treeHidden civsTurbo modeCheats
Victory
Defeat
🇯🇵 Japanese · Japan
815
+16
🇳🇱 Mongols · Netherlands
818
-16
buhhhhhhhhhh
13:48 Feudal Age
14:57 Double-Bit Axe
15:27 Loom
18:04 Castle Age
17:38 Horse Collar
21:59 Husbandry
23:31 Bloodlines
23:14 Fletching
25:17 Padded Archer Armor
26:47 Bodkin Arrow
28:26 Leather Archer Armor
28:56 Town Watch
33:32 Thumb Ring
33:32 Scale Mail Armor
35:02 Bow Saw
34:55 Heavy Plow
35:29 Ballistics
39:12 Imperial Age
39:13 Chain Mail Armor
39:09 Forging
39:04 Yasama
40:23 Conscription
40:46 Parthian Tactics
39:58 Light Cavalry
41:00 Bracer
42:44 Ring Archer Armor
niels.degraaf
11:46 Feudal Age
10:14 Loom
15:05 Scale Barding Armor
15:57 Bloodlines
17:10 Wheelbarrow
16:43 Fishing Lines
22:50 Castle Age
25:09 Fletching
26:03 Bodkin Arrow
26:33 Double-Bit Axe
28:51 Ballistics
29:32 Padded Archer Armor
36:06 Leather Archer Armor
38:04 Murder Holes
40:18 Thumb Ring
Connection lost

Rejoining the realm…

Still unreachable

The connection could not be restored.

Session expired

The server has moved on; the page needs a fresh start.